 Dungeon Crawl Stone Soup version 0.27.1-37-g7b29ead8ac (console) character file.

Game seed: 11350717872010399650

5495 grimtooth the Basher (level 10, -2/83 HPs)
             Began as a Demigod Delver on Dec 23, 2023.
             Slain by an orc warrior (20 damage)
             ... in a bailey.
             The game lasted 00:50:36 (11481 turns).

grimtooth the Basher (Demigod Delver)              Turns: 11481, Time: 00:50:37

Health: -2/83      AC: 16    Str: 21    XL:     10   Next: 19%
Magic:  13/13      EV: 11    Int: 16    God:
Gold:   424        SH:  5    Dex: 15    Spells: 9/9 levels left

rFire    . . .     SeeInvis +   f - +2 dagger (elec)
rCold    . . .     Faith    .   (no shield)
rNeg     . . .     Spirit   .   y - +4 ring mail
rPois    .         Reflect  +   x - +0 helmet {SInv}
rElec    .         Harm     .   s - +1 cloak
rCorr    .         Rampage  .   (no gloves)
Will     +....                  l - +1 pair of boots
Stlth    +++.......             m - amulet of reflection
HPRegen  0.23/turn              (no ring)
MPRegen  0.13/turn              (no ring)

@: studying Throwing
A: high mp 1, forlorn
a: no special abilities


You were in a bailey.
You visited 1 branch of the dungeon, and saw 9 of its levels.
You also visited: Bailey.

You collected 424 gold pieces.

Inventory:

Hand Weapons
 a - a +0 mace
 b - a +2 war axe of electrocution
 f - a +2 dagger of electrocution (weapon)
 L - the +6 hand crossbow "Rarchep" {penet, rN+ rCorr Str+3 SInv}
   (You found it in a bailey)

   Any ammunition fired by it passes through the targets it hits, potentially
   hitting all targets in its path until it reaches maximum range.
   Str:       It affects your strength (+3).
   rN:        It protects you from negative energy.
   SInv:      It lets you see invisible.
   rCorr:     It protects you from acid and corrosion.
 M - a +0 broad axe
 N - the +9 spear of Dominance {flame, Dex+3}
   (You found it in a bailey)

   It burns those it strikes, dealing additional fire damage.
   Dex:       It affects your dexterity (+3).
Missiles
 h - 26 stones
 z - 2 boomerangs
 D - 12 poisoned darts (quivered)
 G - 2 atropa-tipped darts
 I - 15 sling bullets
Armour
 l - a +1 pair of boots (worn)
 s - a +1 cloak (worn)
 x - a +0 helmet of see invisible (worn)
 y - a +4 ring mail (worn)
 C - the +1 chain mail of the Guardian {+Blink Int+3 Dex-2 Slay+3}
   (You found it on level 6 of the Dungeon)

   Int:       It affects your intelligence (+3).
   Dex:       It affects your dexterity (-2).
   Slay:      It affects your accuracy & damage with ranged weapons and melee
   (+3).
   +Blink:    It lets you blink.
Magical Staves
 k - a staff of poison
 v - a staff of air
Jewellery
 m - an amulet of reflection (around neck)
 u - a ring of magical power
Wands
 g - a wand of digging (5)
 i - a wand of flame (12)
 A - a wand of acid (10)
Scrolls
 c - a scroll of fog
 d - a scroll of magic mapping
 e - 3 scrolls of fear
 n - 2 scrolls of immolation {unknown}
 p - a scroll of amnesia {unknown}
 r - a scroll of enchant weapon {unknown}
 t - 3 scrolls of teleportation {unknown}
 B - a scroll of vulnerability {unknown}
 H - a scroll of brand weapon {unknown}
 K - a scroll of summoning
Potions
 j - 2 potions of heal wounds
 o - a potion of magic
 q - a potion of invisibility
 w - 3 potions of lignification
 E - 2 potions of curing {unknown}
 F - 2 potions of haste
 J - a potion of resistance


   Skills:
 * Level 6.1 Fighting
 + Level 6.9(9.0) Axes
 - Level 9.0(10.0) Maces & Flails
 - Level 6.0 Armour
 - Level 1.7 Dodging
 - Level 6.0 Stealth


You had 9 spell levels left.
You didn't know any spells.
Your spell library contained the following spells:

 Spells                   Type           Power      Damage    Failure   Level
 Beastly Appendage        Tmut           0%         N/A       36%         1
 Corpse Rot               Necr/Air       N/A        N/A       52%         2
 Poisonous Vapours        Pois/Air       0%         N/A       52%         2
 Wereblood                Tmut           0%         N/A       52%         2
 Gell's Gravitas          Tloc           0%         N/A       75%         3
 Lesser Beckoning         Tloc           0%         N/A       75%         3
 Spider Form              Tmut/Pois      0%         N/A       75%         3
 Stone Arrow              Conj/Erth      0%         3d7       75%         3
 Teleport Other           Tloc           0%         N/A       75%         3
 Animate Armour           Summ/Erth      0%         N/A       98%         4
 Bolt of Magma            Conj/Fire/Erth 0%         4d4       100%        5
 Freezing Cloud           Conj/Ice/Air   0%         6-21      100%        5
 Lehudib's Crystal Spear  Conj/Erth      0%         10d2      100%        8
 Shatter                  Erth           0%         3d5*      100%        9


Dungeon Overview and Level Annotations

Branches:
Dungeon (9/15)             Temple (0/1) D:6          Bailey (1/1)
   Lair: D:8-11         Orc: D:9-12

Annotations:
D:6 ugly!


Innate Abilities, Weirdness & Mutations

Your attributes grow dramatically as you level up.
You have an increased reservoir of magic. (+10% MP)
You shall have no god before yourself.


Message History

The orc knight is heavily wounded.
The orc knight hits you with a +0 war axe.
You hit the orc knight.
The orc knight is heavily wounded.
The orc knight closely misses you.
You hit the orc knight but do no damage.
The orc knight is heavily wounded.
The orc knight hits you with a +0 war axe!
You hit the orc knight.
Lightning courses through the orc knight!
The orc knight is almost dead.
The orc knight hits you with a +0 war axe.
An orc warrior comes into view. It is wielding a +0 war axe.
You hit the orc knight but do no damage.
The orc knight is almost dead.
The orc knight hits you with a +0 war axe.
You closely miss the orc knight.
The orc knight is almost dead.
The orc knight hits you with a +0 war axe.
You hit the orc knight.
The orc knight is almost dead.
The orc knight closely misses you.
You hit the orc knight.
The orc knight is almost dead.
The orc knight closely misses you. You block the orc warrior's attack.
You hit the orc knight.
The orc knight is almost dead.
The orc knight roars a battlecry!
The orc warrior goes into a battle-frenzy!
The orc warrior barely misses you.
You closely miss the orc knight.
The orc knight is almost dead.
The orc knight hits you with a +0 war axe!
The orc warrior hits you with a +0 war axe!!
* * * LOW HITPOINT WARNING * * *
You feel much better.
The orc knight hits you with a +0 war axe!
* * * LOW HITPOINT WARNING * * *
The orc warrior hits you with a +0 war axe!!
You die...

#K###≈≈.......≈≈###
#.KK(≈≈.......≈≈K.
#.###≈≈.......≈≈##
#^'.'≈≈.......≈≈K
#####≈≈.......≈≈#
##≈.......≈#
####+++####
##.....## #∩..[..∩#
#...8o..# ##...o@##
###)### #... ......
....o..g ..........
...........
.............


You could see an orc knight (corroded) and an orc warrior (strong).

Vanquished Creatures
  Maurice (D:8)
  Sigmund (D:3)
  A wyvern (D:7)
  12 yaks
  A water moccasin (D:8)
  2 orc warriors
  2 sky beasts
  A black bear (D:4)
  3 necrophages
  2 ice beasts (D:5)
  2 ogres
  2 centaurs (D:8)
  Blork the orc (D:6)
  A kobold brigand (D:9)
  5 scorpions
  A wyvern skeleton (D:6)
  A water moccasin skeleton (D:5)
  6 wights (D:8)
  3 killer bees (D:8)
  2 howler monkeys
  3 centaur zombies
  2 bullfrog zombies (D:5)
  4 hounds
  A centaur skeleton (D:6)
  5 orc priests
  A gnoll shaman (D:6)
  An iguana (D:5)
  An iguana (shapeshifter) (D:9)
  2 orc wizards
  A killer bee zombie (D:6)
  5 gnolls
  5 adders
  A shadow imp (D:7)
  A white imp (D:7)
  2 ufetubi
  2 adder skeletons
  5 worms
  A dart slug (D:4)
  17 orcs
  14 ball pythons
  4 endoplasms
  4 giant cockroaches
  10 goblins
  6 hobgoblins
  2 jackals (D:2)
  10 kobolds
  2 quokkas (D:4)
  8 bats
  2 frilled lizards (D:1)
  10 rats
182 creatures vanquished.

Notes
Turn   | Place    | Note
-------+----------+-------------------------------------------
     0 | D:5      | grimtooth the Demigod Delver began the quest for the Orb.
     0 | D:5      | Reached XP level 1. HP: 18/18 MP: 3/3
    12 | D:4      | Noticed a necrophage
   249 | D:1      | Reached skill level 2 in Maces & Flails
   400 | D:1      | Reached XP level 2. HP: 25/25 MP: 4/4
  1346 | D:2      | Reached XP level 3. HP: 29/30 MP: 5/5
  1389 | D:2      | Reached skill level 3 in Maces & Flails
  1887 | D:2      | Reached skill level 5 in Stealth
  2339 | D:2      | Reached XP level 4. HP: 28/37 MP: 6/6
  2820 | D:3      | Reached skill level 4 in Maces & Flails
  3350 | D:3      | Noticed Sigmund
  4057 | D:4      | Reached XP level 5. HP: 42/42 MP: 7/7
  4104 | D:4      | Noticed a black bear
  4353 | D:4      | Killed a necrophage
  4354 | D:4      | Reached skill level 5 in Maces & Flails
  4675 | D:4      | Killed a black bear
  4676 | D:4      | Reached skill level 6 in Maces & Flails
  4676 | D:4      | Reached XP level 6. HP: 9/50 MP: 8/8
  5609 | D:5      | Reached skill level 7 in Maces & Flails
  5618 | D:5      | Reached XP level 7. HP: 26/56 MP: 9/9
  6125 | D:5      | Reached skill level 8 in Maces & Flails
  6351 | D:6      | Noticed a yak
  6351 | D:6      | Noticed a yak
  6408 | D:6      | Noticed Blork the orc
  6781 | D:6      | Killed Blork the orc
  6781 | D:6      | Noticed a yak
  6789 | D:6      | Killed a yak
  6790 | D:6      | Reached skill level 9 in Maces & Flails
  6790 | D:6      | Reached skill level 1 in Armour
  6790 | D:6      | Reached XP level 8. HP: 62/62 MP: 10/10
  7194 | D:6      | Identified the +1 chain mail of the Guardian {+Blink Int+3
                  | Dex-2 Slay+3}
  7239 | D:6      | Found a staircase to the Ecumenical Temple.
  7314 | D:6      | Noticed a white ugly thing
  7315 | D:6      | - kinda early for you innit
  7792 | D:3      | Killed Sigmund
  7793 | D:3      | Reached XP level 9. HP: 50/72 MP: 11/11
  8173 | D:6      | Reached skill level 5 in Armour
  9122 | D:7      | Reached skill level 5 in Fighting
  9868 | D:8      | Reached skill level 1 in Axes
  9937 | D:8      | Noticed Maurice
 10563 | D:8      | Killed Maurice
 10564 | D:8      | Reached skill level 5 in Axes
 10947 | D:9      | Noticed a boulder beetle
 11127 | D:9      | Reached XP level 10. HP: 56/83 MP: 13/13
 11235 | D:9      | Found a flagged portal.
 11256 | Bailey   | Entered a bailey
 11445 | Bailey   | Identified the +6 hand crossbow "Rarchep" {penet, rN+ rCorr
                  | Str+3 SInv}
 11455 | Bailey   | Identified the +9 spear of Dominance {flame, Dex+3}
 11468 | Bailey   | Noticed an orc knight
 11481 | Bailey   | Slain by an orc warrior

Illustrated notes

########..............
#............####.####
#......#####.# ###
#......# #..# ######.#
#.## ..#####.####<#
#.........#÷.##########
######..#..............
#.##..##.....>....
#.#(.###..........
###@..## #.[........
###....#####.....?....
#.......#...........$.
#...#...#...#.........).
.###(....###.......$.!..
#..... #.#########.#
#').... #..########(#
...#####u .#..........>
... #....#########
####.#


Turn 7315 on D:6: - kinda early for you innit

Levels and vault maps discovered:
D:1:      tarquinn_simple_flora_water_d, layout_loops_cross,
          hellmonk_ecumenical_altar_arch_garden
D:2:      layout_basic
D:3:      layout_rooms, uniq_sigmund
D:4:      layout_rooms
D:5:      minmay_general_purpose_star, layout_rooms,
          mainiacjoe_overflow_alcove_4, nicolae_overflow_crystal_walls,
          slow_altar_2
D:6:      layout_rooms, lemuel_doored_altar, zin_academy,
          minmay_temple_entry_proselytizer, minmay_fractal_squares_diagonal_5,
          uniq_blork_the_orc
D:7:      layout_basic, fiery_altar_vehumet, doesnt_xom_only_xom
D:8:      layout_loops_corners, mainiacjoe_overflow_surrounded_room,
          uniq_maurice
D:9:      layout_roguey [special_room_bee], bloody_makhleb,
          kennysheep_little_box, enter_bailey_2
Bailey:   bailey_axe_3, bailey

Skill      XL: |  1  2  3  4  5  6  7  8  9 10 |
---------------+-------------------------------+-----
Maces & Flails | 2 3 4 6 7 9 |  9.0
Stealth        | 5 6 |  6.0
Armour         | 1 4 6 |  6.0
Fighting       | 4 6 |  6.1
Axes           | 5 6 |  6.9
Dodging        | |  1.7

Action                   |  1- 3 |  4- 6 |  7- 9 | 10-12 || total
-------------------------+-------+-------+-------+-------++-------
Melee: Mace              |   123 |   208 |   134 |       ||   465
       Staff             |    20 |    56 |    27 |       ||   103
       War axe           |       |       |   160 |    18 ||   178
       Dagger            |       |       |     1 |    13 ||    14
Throw: Stone             |   107 |    99 |    34 |       ||   240
       Boomerang         |       |     2 |     6 |       ||     8
       Dart              |       |    23 |    46 |       ||    69
Evoke: Wand              |       |       |    10 |     1 ||    11
  Use: Potion            |       |     2 |     1 |     1 ||     4
       Scroll            |       |     1 |     7 |       ||     8
 Stab: Sleeping          |     2 |     1 |     2 |     1 ||     6
Armor: Leather armour    |    46 |    86 |       |       ||   132
       Ring mail         |       |    19 |   137 |    16 ||   172
Dodge: Dodged            |    96 |   137 |   167 |    21 ||   421
Block: Other             |       |    58 |    79 |    10 ||   147
       Reflection        |       |       |     2 |     3 ||     5
